 Dungeon Crawl Stone Soup version 0.26-a0-154-g3d63440f56 (webtiles) character file.

Game seed: 16886251461811800073

9516 Flugslaktarn the Thaumaturge (level 11, -8/81 HPs)
             Began as a Gnoll Fire Elementalist on July 1, 2020.
             Was an Elder of Cheibriados.
             Mangled by a cyclops (30 damage)
             ... on level 11 of the Dungeon.
             The game lasted 00:22:23 (4224 turns).

Flugslaktarn the Thaumaturge (GnFE)                 Turns: 4224, Time: 00:22:23

Health: -8/81      AC:  5    Str: 28    XL:     11   Next: 47%
Magic:  10/23      EV: 19    Int: 29    God:    Cheibriados [****..]
Gold:   693        SH:  7    Dex: 25    Spells: 13/26 levels left

rFire    + + .     SeeInvis .   r - +2 war axe (elec)
rCold    + . .     Faith    .   L - +0 buckler
rNeg     . . .     Spirit   .   U - +0 troll leather armour
rPois    .         Reflect  .   (no helmet)
rElec    .         Harm     .   y - scarf {rC+ rF+}
rCorr    .                      (no gloves)
MR       .....                  (no boots)
Stlth    ++++......             (no amulet)
HPRegen  0.23/turn              o - ring of protection from fire
MPRegen  0.18/turn              R - +6 ring of strength

@: very slow
A: distributed training, fangs 1, strong 1, strong nose
a: Bend Time, Temporal Distortion, Slouch, Renounce Religion


You were on level 11 of the Dungeon.
You worshipped Cheibriados.
Cheibriados was greatly pleased with you.
You were not hungry.

You visited 2 branches of the dungeon, and saw 12 of its levels.
You also visited: Sewer and Ossuary.

You collected 693 gold pieces.

Inventory:

Hand Weapons
 n - a +0 quarterstaff
   (You found it on level 3 of the Dungeon)
 r - a +2 war axe of electrocution (weapon)
   (You took it off an orc on level 3 of the Dungeon)
 O - a +4 whip
   (You found it on level 1 of the Dungeon)
Missiles
 d - 133 arrows
 M - 4 boomerangs (quivered)
Armour
 a - a +0 robe
 s - a +1 chain mail of fire resistance
   (You took it off an orc on level 3 of the Dungeon)
 v - a +2 cloak
   (You took it off Crazy Yiuf on level 4 of the Dungeon)
 y - a scarf of resistance (worn)
   (You found it on level 5 of the Dungeon)
 G - a +0 ring mail
   (You found it on level 6 of the Dungeon)
 L - a +0 buckler (worn)
   (You found it on level 9 of the Dungeon)
 U - a +0 troll leather armour (worn)
   (You found it on level 11 of the Dungeon)
Magical Staves
 T - an uncursed staff of summoning
   (You found it on level 11 of the Dungeon)
Jewellery
 o - a ring of protection from fire (left hand)
   (You found it on level 3 of the Dungeon)
 R - a +6 ring of strength (right hand)
   (You found it on level 10 of the Dungeon)
Wands
 w - a wand of digging (6)
   (You took it off Crazy Yiuf on level 4 of the Dungeon)
 J - a wand of polymorph (5)
   (You found it on level 6 of the Dungeon)
 N - a wand of disintegration (16)
   (You found it on level 9 of the Dungeon)
 Q - a wand of flame (17)
   (You found it on level 9 of the Dungeon)
Scrolls
 c - a scroll of immolation {unknown}
 f - 4 scrolls of remove curse
 g - a scroll of random uselessness {unknown}
 h - a scroll of enchant armour {unknown}
 i - 5 scrolls of amnesia
 j - a scroll of magic mapping {unknown}
 k - 2 scrolls of fear
 q - a scroll of noise
 D - a scroll of enchant weapon
 E - 3 scrolls of teleportation
 I - 2 scrolls of blinking {unknown}
 K - a scroll of fog {unknown}
 P - a scroll of silence {unknown}
 S - 2 scrolls of identify
Potions
 b - 4 potions of degeneration {unknown}
 l - 3 potions of stabbing {unknown}
 m - 6 potions of lignification {unknown}
 p - 3 potions of mutation
 t - a potion of magic {unknown}
 u - 5 potions of curing
 x - 2 potions of ambrosia
 z - a potion of might {unknown}
 A - 7 potions of brilliance
 B - 4 potions of heal wounds
 C - 4 potions of flight
 F - a potion of haste {unknown}
 H - a potion of cancellation {unknown}
Comestibles
 e - 5 rations
 V - 3 chunks of flesh


   Skills:
 + Level 6.2 Fighting
 + Level 6.2 Short Blades
 + Level 6.2 Long Blades
 + Level 6.2 Axes
 + Level 6.2 Maces & Flails
 + Level 6.2 Polearms
 + Level 6.2 Staves
 + Level 6.2 Slings
 + Level 6.2 Bows
 + Level 6.2 Crossbows
 + Level 6.2 Throwing
 + Level 6.2 Armour
 + Level 7.8 Dodging
 + Level 7.6 Stealth
 + Level 6.2 Shields
 + Level 6.2 Unarmed Combat
 + Level 8.1 Spellcasting
 + Level 5.6 Conjurations
 + Level 5.1 Hexes
 + Level 5.1 Charms
 + Level 5.1 Summonings
 + Level 5.1 Necromancy
 + Level 5.1 Translocations
 + Level 5.1 Transmutations
 + Level 7.6 Fire Magic
 + Level 5.1 Ice Magic
 + Level 5.1 Air Magic
 + Level 5.1 Earth Magic
 + Level 5.1 Poison Magic
 + Level 6.8 Invocations
 + Level 6.2 Evocations


You had 13 spell levels left.
You knew the following spells:

 Your Spells              Type           Power        Failure   Level  Hunger
a - Foxfire               Conj/Fire      ####         1%          1    None
b - Inner Flame           Hex/Fire       #####...     1%          3    None
d - Sticky Flame          Conj/Fire      ######..     3%          4    #......
e - Fireball              Conj/Fire      ######....   10%         5    ####...

Your spell library contained the following spells:

 Spells                   Type           Power        Failure   Level  Hunger
 Magic Dart               Conj           ####         1%          1    None
 Searing Ray              Conj           #####.       1%          2    None
 Conjure Flame            Conj/Fire      ######..     1%          3    None
 Dazzling Flash           Conj/Hex       #####.       1%          3    None
 Fulminant Prism          Conj/Hex       #####.....   5%          4    #......
 Iskenderun's Mystic Bla  Conj/Tloc      #####...     5%          4    #......


Dungeon Overview and Level Annotations

Branches:
Dungeon (11/15)            Temple (1/1) D:7            Lair (0/6) D:9
  Sewer (visited)         Ossuary (visited)
    Orc: D:9-12

Altars:
Ashenzari
Cheibriados
Dithmenos
Fedhas
Gozag
Nemelex Xobeh
Okawaru
Qazlal
Trog
Uskayaw
Vehumet
Wu Jian
Xom
Yredelemnul
Zin
The Shining One

Annotations:
D:6 3 runed translucent doors, Gwenloh's ghost, novice KoEn
D:10 Erolcha


Innate Abilities, Weirdness & Mutations

Your experience applies equally to all skills.
You have very sharp teeth.
Your uncanny sense of smell can sniff out nearby items.
Your muscles are strong. (Str +2)


Message History

The worker ant is heavily wounded.
Casting: Foxfire (safe; 1% risk of failure)
Confirm with . or Enter, or press ? or * to list all spells.
You conjure some foxfire!
The foxfire hits the worker ant!
You kill the worker ant!
Cheibriados thoroughly appreciates the change of pace.
Press: ? - help, v - describe, . - travel, g - get item
Here: a cyclops 12 gold pieces.
The floor.
Unknown command.
Casting: Foxfire (safe; 1% risk of failure)
Confirm with . or Enter, or press ? or * to list all spells.
You conjure some foxfire!
The foxfire hits the cyclops but does no damage.
Casting: Foxfire (safe; 1% risk of failure)
Confirm with . or Enter, or press ? or * to list all spells.
You conjure some foxfire!
The foxfire hits the cyclops.
The cyclops is lightly wounded.
The foxfire hits the cyclops but does no damage.
The cyclops is lightly wounded.
The foxfire hits the cyclops.
The cyclops is lightly wounded.
Casting: Foxfire (safe; 1% risk of failure)
Confirm with . or Enter, or press ? or * to list all spells.
Aiming: Sticky Flame (dangerous; 3% risk of failure)
Press: ? - help, Shift-Dir - straight line, f - cyclops
Aim: a cyclops (lightly wounded)
The sticky flame hits the cyclops.
The cyclops is moderately wounded.
The cyclops is covered in liquid flames!
The cyclops burns!
The foxfire hits the cyclops.
The cyclops is moderately wounded.
The foxfire hits the cyclops.
The cyclops is heavily wounded.
Unknown command.
You hit the cyclops. You bite the cyclops, but do no damage.
The cyclops is heavily wounded.
The cyclops burns!
The cyclops hits you!
* * * LOW HITPOINT WARNING * * *
Casting: Sticky Flame (dangerous; 3% risk of failure)
Confirm with . or Enter, or press ? or * to list all spells.
Aiming: Sticky Flame (dangerous; 3% risk of failure)
Press: ? - help, Shift-Dir - straight line, f/p - cyclops
Aim: a cyclops (heavily wounded, covered in liquid flames)
The sticky flame hits the cyclops.
The cyclops is severely wounded.
The cyclops is covered in liquid flames!
The cyclops burns!
The cyclops hits you!!
You die...

C.........................
........#########.........
########C(# #.#...####
..........###### .. ...#
................ .. ....
#######..####### .._ .....
#..# #####.(########...
........$.C@.......
...........†.......
..............#####
..............#
..............#
....<$..........
#################


You could see a cyclops (burning).

Vanquished Creatures
  2 two-headed ogres
  An unseen horror (D:11)
  An ugly thing (D:11)
  Joseph (D:7)
  2 centaur skeletons
  A kobold demonologist (D:10)
  A troll (D:11)
  Sigmund (D:5)
  A hog (D:9)
  A wyvern (D:9)
  7 yaks
  2 hungry ghosts
  Menkaure (D:7)
  A porcupine (D:9)
  2 orc warriors
  3 sky beasts
  3 ogres
  A black bear (D:9)
  5 ice beasts
  A necrophage (D:6)
  4 centaurs
  2 crocodiles
  5 big kobolds
  3 elf zombies (D:7)
  4 bullfrogs
  A wyvern zombie (D:9)
  A scorpion (D:10)
  4 killer bees (D:7)
  5 wights (D:9)
  2 howler monkeys
  2 crimson imps
  3 orc priests
  2 centaur zombies
  2 jellies
  Crazy Yiuf (D:4)
  A quasit (D:11)
  5 hounds
  3 orc wizards
  A human skeleton (D:7)
  6 worker ants
  8 mummies (Ossuary)
  9 adders
  8 river rats (Sewer)
  2 oozes (Sewer)
  An adder zombie (D:8)
  An adder skeleton (D:9)
  2 worms
  2 dart slugs (D:3)
  3 leopard geckos
  26 orcs
  7 ball pythons
  4 giant cockroaches
  5 goblins
  6 hobgoblins
  3 jackals (D:7)
  25 kobolds
  A quokka (D:7)
  2 bats
  6 frilled lizards
  A giant cockroach zombie (D:5)
  3 hobgoblin zombies (Ossuary)
  3 kobold zombies (Ossuary)
  2 orc skeletons (D:7)
  2 orc zombies (Ossuary)
  22 rats
  3 fungi (D:9)
  A plant (D:9)
253 creatures vanquished.

Vanquished Creatures (others)
  A ball python (D:4)
  606 foxfires
  10 fungi (D:9)
  4 plants (D:9)
621 creatures vanquished.

Grand Total: 874 creatures vanquished

Notes
Turn   | Place    | Note
-------+----------+-------------------------------------------
     0 | D:1      | Flugslaktarn the Gnoll Fire Elementalist began the quest
                  | for the Orb.
     0 | D:1      | Reached XP level 1. HP: 13/13 MP: 6/6
     2 | D:1      | Noticed a tengu
     2 | D:1      | Noticed a formicid
     4 | D:1      | Noticed a gargoyle
     4 | D:1      | Noticed a vine stalker
     6 | D:1      | Noticed an elf
     6 | D:1      | Noticed a halfling
     8 | D:1      | Noticed a vampire
     8 | D:1      | Noticed a demonspawn
    12 | D:1      | Noticed a naga
    14 | D:1      | Noticed a dwarf
    14 | D:1      | Noticed a demigod
    16 | D:1      | Noticed a draconian
    16 | D:1      | Noticed a minotaur
    18 | D:1      | Noticed a spriggan
    18 | D:1      | Noticed a human
    20 | D:1      | Noticed a felid
    22 | D:1      | Noticed an octopode
    22 | D:1      | Noticed a troll
    25 | D:1      | Noticed a merfolk
    25 | D:1      | Noticed an ogre
    27 | D:1      | Noticed a ghoul
    27 | D:1      | Noticed a centaur
   134 | D:2      | Reached XP level 2. HP: 19/19 MP: 4/7
   156 | D:2      | Noticed an ogre
   255 | D:1      | Reached XP level 3. HP: 22/25 MP: 0/9
   308 | D:2      | Found a hide-covered altar of Uskayaw.
   329 | D:2      | Reached skill level 5 in Spellcasting
   502 | D:2      | Killed an ogre
   502 | D:2      | Reached skill level 1 in Fighting
   502 | D:2      | Reached skill level 1 in Short Blades
   502 | D:2      | Reached skill level 1 in Long Blades
   502 | D:2      | Reached skill level 1 in Axes
   502 | D:2      | Reached skill level 1 in Maces & Flails
   502 | D:2      | Reached skill level 1 in Polearms
   502 | D:2      | Reached skill level 1 in Staves
   502 | D:2      | Reached skill level 1 in Slings
   502 | D:2      | Reached skill level 1 in Bows
   502 | D:2      | Reached skill level 1 in Crossbows
   502 | D:2      | Reached skill level 1 in Throwing
   502 | D:2      | Reached skill level 1 in Armour
   502 | D:2      | Reached skill level 1 in Shields
   502 | D:2      | Reached skill level 1 in Unarmed Combat
   502 | D:2      | Reached skill level 1 in Hexes
   502 | D:2      | Reached skill level 1 in Charms
   502 | D:2      | Reached skill level 1 in Summonings
   502 | D:2      | Reached skill level 1 in Necromancy
   502 | D:2      | Reached skill level 1 in Translocations
   502 | D:2      | Reached skill level 1 in Transmutations
   502 | D:2      | Reached skill level 1 in Ice Magic
   502 | D:2      | Reached skill level 1 in Air Magic
   502 | D:2      | Reached skill level 1 in Earth Magic
   502 | D:2      | Reached skill level 1 in Poison Magic
   502 | D:2      | Reached skill level 1 in Invocations
   502 | D:2      | Reached skill level 1 in Evocations
   502 | D:2      | Reached XP level 4. HP: 32/32 MP: 3/11
   502 | D:2      | Reached XP level 5. HP: 37/37 MP: 3/12
   517 | D:2      | Learned a level 3 spell: Inner Flame
   522 | D:2      | Learned a level 4 spell: Sticky Flame
   528 | D:2      | Learned a level 5 spell: Fireball
   574 | D:3      | Noticed a centaur
   827 | D:4      | Found an iron altar of Okawaru.
   947 | D:3      | Reached XP level 6. HP: 35/44 MP: 4/13
   958 | D:3      | Found a stormy altar of Qazlal.
   961 | D:3      | Found a bloodstained altar of Trog.
   963 | D:3      | Found an opulent altar of Gozag.
  1014 | D:4      | Found a runed translucent door.
  1015 | D:4      | Noticed Crazy Yiuf
  1026 | D:4      | Killed Crazy Yiuf
  1189 | D:4      | Found a radiant altar of Vehumet.
  1198 | D:4      | Found a glowing drain.
  1200 | D:4      | Reached skill level 5 in Dodging
  1225 | Sewer    | Entered a sewer
  1408 | Sewer    | Reached XP level 7. HP: 21/50 MP: 10/15
  1652 | D:4      | Found a sparkling altar of Nemelex Xobeh.
  1665 | D:4      | Reached skill level 5 in Stealth
  1688 | D:5      | Entered Level 5 of the Dungeon
  1755 | D:5      | Reached XP level 8. HP: 51/57 MP: 5/16
  1786 | D:5      | Noticed Sigmund
  1793 | D:5      | Killed Sigmund
  1894 | D:6      | Reached skill level 6 in Spellcasting
  1966 | D:6      | Found a runed translucent gate.
  1966 | D:6      | Found a runed translucent gate.
  1967 | D:6      | Found a runed translucent gate.
  1969 | D:6      | Noticed Gwenloh's ghost (novice KoEn)
  2075 | D:6      | Found a shattered altar of Ashenzari.
  2212 | D:5      | Found a shimmering altar of Xom.
  2245 | D:5      | Became a worshipper of Xom of Chaos
  2251 | D:5      | XOM: silly message
  2277 | D:7      | Noticed Menkaure
  2284 | D:7      | Killed Menkaure
  2284 | D:7      | Reached XP level 9. HP: 13/65 MP: 11/18
  2304 | D:7      | Found a sparkling altar of Nemelex Xobeh.
  2323 | D:7      | Found a staircase to the Ecumenical Temple.
  2330 | Temple   | Entered the Ecumenical Temple
  2360 | Temple   | Fell from the grace of Xom
  2360 | Temple   | Became a worshipper of Cheibriados the Contemplative
  2533 | D:7      | Noticed Joseph
  2550 | D:7      | Killed Joseph
  2660 | D:7      | Found a sand-covered staircase.
  2678 | Ossuary  | Entered an ossuary
  2707 | Ossuary  | Reached * piety under Cheibriados
  2783 | Ossuary  | XOM: give mutation
  2783 | Ossuary  | Gained mutation: Your muscles are strong. (Str +2) [Xom's
                  | mischief]
  3008 | D:9      | Reached skill level 5 in Invocations
  3053 | D:9      | Found a staircase to the Lair.
  3066 | D:9      | Reached XP level 10. HP: 46/73 MP: 4/20
  3073 | D:9      | Reached skill level 7 in Spellcasting
  3073 | D:9      | Reached ** piety under Cheibriados
  3078 | D:9      | Noticed Maurice
  3081 | D:9      | Noticed Maurice
  3081 | D:9      | Maurice changed into Maurice the soldier ant
  3087 | D:9      | Reached skill level 5 in Fighting
  3087 | D:9      | Reached skill level 5 in Short Blades
  3087 | D:9      | Reached skill level 5 in Long Blades
  3087 | D:9      | Reached skill level 5 in Axes
  3087 | D:9      | Reached skill level 5 in Maces & Flails
  3087 | D:9      | Reached skill level 5 in Polearms
  3087 | D:9      | Reached skill level 5 in Staves
  3087 | D:9      | Reached skill level 5 in Slings
  3087 | D:9      | Reached skill level 5 in Bows
  3087 | D:9      | Reached skill level 5 in Crossbows
  3087 | D:9      | Reached skill level 5 in Throwing
  3087 | D:9      | Reached skill level 5 in Armour
  3087 | D:9      | Reached skill level 5 in Shields
  3087 | D:9      | Reached skill level 5 in Unarmed Combat
  3087 | D:9      | Reached skill level 5 in Evocations
  3091 | D:9      | Noticed Maurice
  3091 | D:9      | Maurice the soldier ant changed into Maurice the hog
  3097 | D:9      | Killed Maurice the hog
  3181 | D:9      | Found a shadowy altar of Dithmenos.
  3453 | D:9      | Noticed a two-headed ogre
  3462 | D:9      | Killed a two-headed ogre
  3522 | D:9      | Reached skill level 5 in Conjurations
  3561 | D:9      | XOM: chaos upgrade
  3588 | D:10     | Entered Level 10 of the Dungeon
  3643 | D:10     | Reached *** piety under Cheibriados
  3660 | D:11     | Noticed a purple ugly thing
  3663 | D:11     | Noticed a kobold demonologist
  3667 | D:11     | Killed a purple ugly thing
  3675 | D:10     | Killed a kobold demonologist
  3705 | D:10     | Noticed a two-headed ogre
  3717 | D:10     | Killed a two-headed ogre
  3717 | D:10     | Reached XP level 11. HP: 35/81 MP: 1/22
  3735 | D:10     | XOM: divination: magic mapping
  3783 | D:10     | Noticed Erolcha
  3984 | D:11     | Noticed an unseen horror
  3987 | D:11     | Killed an unseen horror
  3987 | D:11     | Reached skill level 5 in Hexes
  3987 | D:11     | Reached skill level 5 in Charms
  3987 | D:11     | Reached skill level 5 in Summonings
  3987 | D:11     | Reached skill level 5 in Necromancy
  3987 | D:11     | Reached skill level 5 in Translocations
  3987 | D:11     | Reached skill level 5 in Transmutations
  3987 | D:11     | Reached skill level 5 in Ice Magic
  3987 | D:11     | Reached skill level 5 in Air Magic
  3987 | D:11     | Reached skill level 5 in Earth Magic
  3987 | D:11     | Reached skill level 5 in Poison Magic
  3997 | D:11     | Reached skill level 8 in Spellcasting
  4003 | D:11     | Reached **** piety under Cheibriados
  4176 | D:11     | Found a hide-covered altar of Uskayaw.
  4204 | D:11     | Noticed a cyclops
  4224 | D:11     | Mangled by a cyclops

Illustrated notes

Levels and vault maps discovered:
D:1:      kb_arrival_jail, layout_basic, nrook_loot_triangle,
          corexii_leaking_fountain, minivault_26
D:2:      layout_basic, nicolae_overflow_hidden_temple
D:3:      layout_loops_ring, grunt_temple_overflow_diamond,
          chequers_ecumenical_altar_grove
D:4:      layout_loops_corners, grunt_temple_overflow_magic_moments,
          okawaru_gym_becter, first_ration, portal_sewer_entry_a,
          nemelex_diamond_rough_becter, uniq_crazy_yiuf_cottage
D:5:      layout_gridville, brannock_xom_greatest_gift, uniq_sigmund
D:6:      layout_basic, ashenzari_altar_1, gammafunk_ghost_necromancy,
          minmay_stone_trees_medium, kennysheep_doodads,
          kennysheep_generic_room_2
D:7:      layout_gridville, nemelex_xobeh_ov_fountains_minmay,
          minmay_temple_entry_wispy, nicolae_ossuary_entry_catacombs,
          hangedman_misty_isle, uniq_menkaure, uniq_joseph
D:8:      layout_layer_cave, uniq_psyche
D:9:      layout_basic, overflow_temple_1_default, due_lair_maze_entry_diamond,
          uniq_maurice
D:10:     layout_stronghold, uniq_josephine, uniq_erolcha
D:11:     layout_long_grid, basic_altar
Temple:   jpeg_temple_alley_garden

Skill      XL: |  1  2  3  4  5  6  7  8  9 10 11 |
---------------+----------------------------------+-----
Conjurations   | 2 3 4 5 |  5.6
Spellcasting   | 5 6 7 8 |  8.1
Fighting       | 1 2 3 4 5 6 |  6.2
Short Blades   | 1 2 3 4 5 6 |  6.2
Long Blades    | 1 2 3 4 5 6 |  6.2
Axes           | 1 2 3 4 5 6 |  6.2
Maces & Flails | 1 2 3 4 5 6 |  6.2
Polearms       | 1 2 3 4 5 6 |  6.2
Staves         | 1 2 3 4 5 6 |  6.2
Slings         | 1 2 3 4 5 6 |  6.2
Bows           | 1 2 3 4 5 6 |  6.2
Crossbows      | 1 2 3 4 5 6 |  6.2
Throwing       | 1 2 3 4 5 6 |  6.2
Armour         | 1 2 3 4 5 6 |  6.2
Shields        | 1 2 3 4 5 6 |  6.2
Unarmed Combat | 1 2 3 4 5 6 |  6.2
Hexes          | 1 2 3 4 5 |  5.1
Charms         | 1 2 3 4 5 |  5.1
Summonings     | 1 2 3 4 5 |  5.1
Necromancy     | 1 2 3 4 5 |  5.1
Translocations | 1 2 3 4 5 |  5.1
Transmutations | 1 2 3 4 5 |  5.1
Ice Magic      | 1 2 3 4 5 |  5.1
Air Magic      | 1 2 3 4 5 |  5.1
Earth Magic    | 1 2 3 4 5 |  5.1
Poison Magic   | 1 2 3 4 5 |  5.1
Invocations    | 1 2 3 4 5 6 |  6.8
Evocations     | 1 2 3 4 5 6 |  6.2
Dodging        | 5 6 7 |  7.8
Stealth        | 5 6 7 |  7.6
Fire Magic     | 6 7 |  7.6

Action                   |  1- 3 |  4- 6 |  7- 9 | 10-12 || total
-------------------------+-------+-------+-------+-------++-------
Melee: Whip              |    14 |    25 |       |       ||    39
       Bite              |     2 |     7 |     8 |    17 ||    34
       Punch             |       |     1 |     4 |       ||     5
       War axe           |       |    39 |    75 |    78 ||   192
 Cast: Foxfire           |    44 |    71 |   158 |    95 ||   368
       Sticky Flame      |       |     2 |    22 |    17 ||    41
       Inner Flame       |       |       |     1 |     5 ||     6
       Fireball          |       |       |       |     3 ||     3
Evoke: Wand              |       |       |       |     4 ||     4
  Use: Potion            |       |       |     3 |     4 ||     7
       Scroll            |       |       |     9 |     1 ||    10
 Stab: Sleeping          |     1 |       |     1 |     1 ||     3
  Eat: Chunk             |       |     1 |     3 |     2 ||     6
       Ration            |       |       |     2 |     2 ||     4
Armor: Robe              |     5 |    14 |    12 |     6 ||    37
Dodge: Dodged            |    29 |    82 |    93 |    79 ||   283
Block: Buckler           |       |       |     1 |    37 ||    38

Table legend:
 A = Non-vault XP
 B = Vault XP
 C = Vault XP percentage of total XP
 D = Non-vault monster count
 E = Vault monster count
 F = Vault count percentage of total count
                 A         B        C        D         E       F
            +---------+---------+-------+---------+---------+-------
      Total |   10408 |    3187 |  23.4 |     161 |      88 |  35.3
            +---------+---------+-------+---------+---------+-------
        D:1 |      19 |       0 |   0.0 |      12 |       0 |   0.0
        D:2 |     161 |       0 |   0.0 |      14 |       0 |   0.0
        D:3 |     173 |       0 |   0.0 |      20 |       0 |   0.0
        D:4 |     281 |      49 |  14.8 |      11 |       6 |  35.3
        D:5 |     237 |     238 |  50.1 |       7 |       1 |  12.5
        D:6 |     742 |       0 |   0.0 |      12 |       0 |   0.0
        D:7 |     490 |     960 |  66.2 |      17 |       8 |  32.0
        D:8 |     186 |       0 |   0.0 |       5 |       0 |   0.0
        D:9 |    2336 |    1398 |  37.4 |      26 |       9 |  25.7
       D:10 |    1989 |       0 |   0.0 |       8 |       0 |   0.0
       D:11 |    3794 |       0 |   0.0 |      29 |       0 |   0.0
      Sewer |       0 |     388 | 100.0 |       0 |      48 | 100.0
    Ossuary |       0 |     154 | 100.0 |       0 |      16 | 100.0
            +---------+---------+-------+---------+---------+-------
